 Dungeon Crawl Stone Soup version 0.21.1-1-g345015f (webtiles) character file.

120 tyranidshit the Skirmisher (level 4, 0/39 HPs)
             Began as a Demonspawn Abyssal Knight on July 26, 2018.
             Was a Believer of Lugonu.
             Slain by an orc wizard
             ... wielding a +0 dagger
              (1 damage)
             ... on level 3 of the Dungeon.
             The game lasted 00:04:56 (1542 turns).

tyranidshit the Skirmisher (DsAK)                   Turns: 1542, Time: 00:04:57

Health: 0/39       AC:  8    Str: 11 (13) XL:     4   Next: 75%
Magic:  5/5        EV:  4    Int: 17 (18) God:    Lugonu [**....]
Gold:   132        SH:  3    Dex: 13      Spells: 3/3 levels left

rFire    . . .     SeeInvis .   a - +2 hand axe
rCold    . . .     Gourm    +   m - +0 buckler
rNeg     . . .     Faith    .   d - +0 chain mail
rPois    .         Spirit   .   (no helmet)
rElec    +         Reflect  .   (no cloak)
rCorr    .         Harm     .   (no gloves)
MR       .....                  (no boots)
Stlth    ..........             f - amulet of the gourmand
HPRegen  0.13/turn              k - +5 ring of intelligence
MPRegen  0.09/turn              o - ring of wizardry

@: slowed, very slow
A: deterioration 1, mutation resistance 1, powered by pain 1, electricity
resistance
a: Depart the Abyss, Bend Space, Renounce Religion


You were on level 3 of the Dungeon.
You worshipped Lugonu.
Lugonu was pleased with you.
You were not hungry.

You visited 1 branch of the dungeon, and saw 3 of its levels.
You visited the Abyss 1 time.

You collected 132 gold pieces.

Inventory:

Hand Weapons
 a - a +2 hand axe (weapon)
Armour
 b - a +0 leather armour
 d - a +0 chain mail (worn)
 m - a +0 buckler (worn)
Jewellery
 f - an amulet of the gourmand (around neck)
 k - a +5 ring of intelligence (left hand)
 o - a ring of wizardry (right hand)
Scrolls
 e - a scroll of enchant weapon
 g - 6 scrolls of teleportation
 h - 2 scrolls of fear
 i - a scroll of remove curse
 l - 2 scrolls of magic mapping
 n - a scroll of identify
Potions
 j - a potion of brilliance
Comestibles
 c - 2 rations


   Skills:
 + Level 5.5 Fighting
 - Level 1.7 Axes
 - Level 1.7 Armour
 - Level 0.8 Dodging
 - Level 2.4 Invocations


You had 3 spell levels left.
You didn't know any spells.

Dungeon Overview and Level Annotations

Branches:
Dungeon (3/15)

Altars:


Innate Abilities, Weirdness & Mutations

You sometimes gain a little power by taking damage.
Your body sometimes deteriorates upon taking damage.
You are somewhat resistant to further mutation.
You are resistant to electric shocks. (rElec)


Message History

You closely miss the orc wizard.
The orc wizard is moderately wounded.
Your chain mail prevents you from hitting the orc.
You block the orc wizard's attack. The orc hits you but does no damage.
The orc wizard casts a spell at you. The magic dart hits you!
* * * LOW HITPOINT WARNING * * *
You block the orc wizard's attack. You block the orc's attack.
Unknown command.
The orc wizard hits you but does no damage.
The orc wizard points at you and mumbles some strange words.
You feel yourself slow down.
The orc wizard hits you but does no damage.
The orc wizard hits you with a dagger.
* * * LOW HITPOINT WARNING * * *
The orc wizard hits you but does no damage.
The orc hits you but does no damage.
A kobold comes into view. It is wielding a club.
The orc wizard hits you with a dagger.
You die...

..........#..##
........................
...K.....................
.....................##.##
......................##.##
............................
........................##.##
..............................
..............@...........##.##
...............o...........##.##
#............o...............)..
##..........................##.##
.................................
............................##.##
##.......................†...#.##
.....(.).....................#.##
.......†.........................


You could see an orc wizard, an orc and a kobold.

Vanquished Creatures
  2 adders (D:3)
  3 oozes
  A worm (D:3)
  2 dart slugs (D:1)
  4 leopard geckos
  10 orcs (D:3)
  A ball python (D:2)
  6 bats
  2 giant cockroaches (D:3)
  5 hobgoblins
  2 jackals (D:1)
  5 kobolds
  A quokka (D:3)
  3 frilled lizards
  11 goblins
  5 rats
63 creatures vanquished.

Notes
Turn   | Place    | Note
-------+----------+-------------------------------------------
     0 | Abyss:1  | tyranidshit the Demonspawn Abyssal Knight began the quest for the Orb.
     0 | Abyss:1  | Reached XP level 1. HP: 18/18 MP: 2/2
   156 | Abyss:1  | Noticed an ancient zyme
   172 | Abyss:1  | Noticed a small abomination
   174 | D:1      | Escaped the Abyss
   206 | D:1      | Gained mutation: You sometimes gain a little power by taking damage. [demonic ancestry]
   206 | D:1      | Reached XP level 2. HP: 17/24 MP: 3/3
   362 | D:1      | Reached skill level 4 in Fighting
   454 | D:1      | Gained mutation: Your body sometimes deteriorates upon taking damage. [potion of mutation]
   454 | D:1      | Gained mutation: You are resistant to electric shocks. (rElec) [potion of mutation]
   454 | D:1      | Gained mutation: You are somewhat resistant to further mutation. [potion of mutation]
   468 | D:1      | Reached * piety under Lugonu
   473 | D:1      | Reached XP level 3. HP: 13/30 MP: 4/4
  1133 | D:3      | Reached skill level 5 in Fighting
  1133 | D:3      | Reached XP level 4. HP: 38/39 MP: 5/5
  1210 | D:3      | Reached ** piety under Lugonu
  1532 | D:3      | HP: 1/39 [orc wizard/dagger (1)]
  1540 | D:3      | HP: 1/39 [orc wizard/dagger (1)]
  1542 | D:3      | Slain by an orc wizard

Skill      XL: |  1  2  3 |
---------------+----------+-----
Fighting       | 4 5 |  5.5
Axes           | |  1.7
Armour         | |  1.7
Dodging        | |  0.8
Invocations    | |  2.4

Action                   |  1- 3 |  4- 6 || total
-------------------------+-------+-------++-------
Melee: Hand axe          |    99 |    69 ||   168
Invok: Depart the Abyss  |     1 |       ||     1
  Use: Scroll            |     6 |       ||     6
       Potion            |     3 |     2 ||     5
  Eat: Ration            |     1 |       ||     1
Armor: Chain mail        |   104 |    67 ||   171
Dodge: Dodged            |    43 |    21 ||    64
Block: Buckler           |     7 |    17 ||    24
